 Dungeon Crawl Stone Soup version 0.28-a0-724-g66f9036eb4 (webtiles) character file.

Game seed: 7264600123299264629

308 Anon1729 the Skirmisher (level 6, 0/48 HPs)
             Began as a Mummy Abyssal Knight on Oct 26, 2021.
             Was a Believer of Lugonu.
             Killed by divine providence
             ... invoked by an orc priest
              (10 damage)
             ... on level 4 of the Dungeon.
             The game lasted 00:08:18 (4272 turns).

Anon1729 the Skirmisher (Mummy Abyssal Knight)      Turns: 4272, Time: 00:08:18

Health: 0/48       AC:  7    Str: 18    XL:     6   Next: 17%
Magic:  8/8        EV: 16    Int: 10    God:    Lugonu [**....]
Gold:   153        SH:  0    Dex: 12    Spells: 5/5 levels left

rFire   x . .      SeeInvis .   a - +1 spear
rCold   + . .      Faith    .   (no shield)
rNeg    + + +      Spirit   .   b - +0 leather armour
rPois   ∞          Reflect  .   (no helmet)
rElec   .          Harm     .   (no cloak)
rCorr   .          Rampage  .   (no gloves)
Will    .....                   (no boots)
Stlth   +.........              i - amulet of the acrobat
HPRegen 0.16/turn               h - +4 ring of protection
MPRegen 0.11/turn               n - +4 ring of evasion

@: no status effects
A: cold resistance 1, negative energy resistance 3, torment resistance 2, heat
vulnerability 1, no potions
a: Renounce Religion, Depart the Abyss, Bend Space


You were on level 4 of the Dungeon.
You worshipped Lugonu.
Lugonu was pleased with you.
You visited 1 branch of the dungeon, and saw 4 of its levels.
You visited the Abyss 1 time.

You collected 153 gold pieces.

Inventory:

Hand Weapons
 a - a +1 spear (weapon)
Missiles
 c - 99 stones (quivered)
Armour
 b - a +0 leather armour (worn)
Jewellery
 g - an amulet of magic regeneration
 h - a +4 ring of protection (left hand)
 i - an amulet of the acrobat (around neck)
 n - a +4 ring of evasion (right hand)
Scrolls
 d - a scroll of enchant weapon {unknown}
 e - 2 scrolls of magic mapping {unknown}
 f - 6 scrolls of identify {unknown}
 j - a scroll of noise {unknown}
 k - a scroll of enchant armour {unknown}
 l - a scroll of torment {unknown}
 m - a scroll of amnesia {unknown}


   Skills:
 + Level 4.1 Fighting
 + Level 2.7 Polearms
 + Level 2.7 Armour
 + Level 2.2 Dodging
 + Level 2.9 Invocations


You had 5 spell levels left.
You didn't know any spells.
Your spell library contained the following spells:

 Spells                   Type           Power      Damage    Failure   Level
 Summon Small Mammal      Summ           0%         N/A       41%         1
 Gell's Gravitas          Tloc           0%         N/A       80%         3
 Teleport Other           Tloc           0%         N/A       80%         3
 Dispersal                Tloc           0%         N/A       100%        6


Dungeon Overview and Level Annotations

Branches:
Dungeon (4/15)
 Temple: D:4-7

Altars:

Annotations:
D:2 exclusion: downstairs


Innate Abilities, Weirdness & Mutations

You are immune to poison.
Your flesh is cold resistant. (rC+)
You are immune to negative energy. (rN+++)
You are immune to unholy pain and torment.
You are vulnerable to heat. (rF-)
You do not drink.


Message History

The orc wizard hits you but does no damage.
You barely miss the orc priest.
The orc priest is almost dead.
The orc priest closely misses you.
The orc wizard hits you but does no damage.
You hit the orc priest.
The orc priest is almost dead.
The orc priest misses you.
The orc wizard hits you with a +0 dagger.
You hit the orc priest.
You kill the orc priest!
Lugonu accepts your kill. The orc wizard barely misses you.
You barely miss the orc wizard. You closely miss the orc wizard.
The orc wizard completely misses you.
The orc wizard points at you and mumbles some strange words.
You are confused.
You're too confused to move!
The orc wizard gestures at you while chanting.
The puff of flame hits you but does no damage.
You bump into the rock wall.
The orc priest shouts!
You hit the orc wizard.
The orc wizard is moderately wounded.
You feel less confused.
The orc wizard hits you but does no damage.
The orc wizard casts a spell at you.
You easily resist.
The orc wizard gestures at you while chanting.
The magic dart hits you.
The orc priest mumbles some strange prayers to Beogh against you.
Beogh smites you!
* * * LOW HITPOINT WARNING * * *
The orc wizard mumbles some strange words.
The orc wizard flickers and vanishes!
Deactivating autopickup; reactivate with Ctrl-A.
There is a stone staircase leading up here.
The orc priest calls down the wrath of Beogh upon you.
Beogh smites you!
You die...

..... . #...# .. #...#
#... # #...# ....
###.##...###..#...
..........|.......
#####.....#.###.# ##.#.#.#
.. #.#.#######@.#...###.#
# ##
#.........................
.###..........### .#.#
#.###...{..#.# ... # #.#
#......#.###.###.# #.#
#............!....
##.###...#..##.#.#...#.
#...........o..o.......
#..###...#..#.##.#...#.


You could see an orc priest.

Vanquished Creatures
  An ogre (D:3)
  A hound (D:4)
  2 orc priests
  4 gnolls
  2 adders
  A worm (D:2)
  2 dart slugs (D:1)
  4 orcs (D:3)
  5 endoplasms
  6 giant cockroaches
  3 goblins (D:1)
  4 hobgoblins
  7 jackals
  5 quokkas
  6 ball pythons
  4 bats
  2 frilled lizards
  4 kobolds
  A quokka skeleton (D:4)
  2 rats
66 creatures vanquished.

Vanquished Creatures (others)
  A fungus (D:1)
  6 plants (D:1)
7 creatures vanquished.

Grand Total: 73 creatures vanquished

Notes
Turn   | Place    | Note
-------+----------+-------------------------------------------
     0 | Abyss:1  | Anon1729 the Mummy Abyssal Knight began the quest for the
                  | Orb.
     0 | Abyss:1  | Reached XP level 1. HP: 18/18 MP: 2/2
     3 | Abyss:1  | Found a corrupted altar of Lugonu.
    19 | D:1      | Escaped the Abyss
   179 | D:1      | Reached skill level 1 in Dodging
   184 | D:1      | Found a faded altar of an unknown god.
   191 | D:1      | Got Plato's Catalogue of Creation
   216 | D:1      | Reached XP level 2. HP: 24/24 MP: 3/3
   491 | D:1      | Reached ** piety under Lugonu
   567 | D:1      | Reached XP level 3. HP: 18/29 MP: 4/4
  1756 | D:3      | Noticed an ogre
  1885 | D:3      | Reached XP level 4. HP: 35/35 MP: 5/5
  2907 | D:3      | HP: 1/36 [gnoll (9)]
  3244 | D:3      | Killed an ogre
  3245 | D:3      | Reached XP level 5. HP: 41/42 MP: 6/6
  3969 | D:3      | Reached skill level 4 in Fighting
  4159 | D:4      | Reached XP level 6. HP: 43/48 MP: 8/8
  4272 | D:4      | Killed from afar by an orc priest

Illustrated notes

Levels and vault maps discovered:
D:1:      onia_arrival_pyramid, layout_basic,
          shapermc_ecumenical_altar_rom_forum
D:2:      layout_rooms, mrwooster_statue_mirror
D:3:      layout_loops_ring
D:4:      layout_basic, riverfiend_overflow_shadow_ancestor, serial_shops,
          shop_fountains, minmay_misc_feat_roman

Skill      XL: |  1  2  3  4  5 |
---------------+----------------+-----
Dodging        | 1 2 |  2.2
Invocations    | 2 |  2.9
Polearms       | 2 |  2.7
Armour         | 2 |  2.7
Fighting       | 4 |  4.1

Action                   |  1- 3 |  4- 6 || total
-------------------------+-------+-------++-------
Melee: Spear             |   174 |   137 ||   311
Throw: Throwing net      |       |     1 ||     1
 Stab: Sleeping          |     1 |       ||     1
Armor: Leather armour    |    37 |    33 ||    70
Dodge: Dodged            |    81 |    63 ||   144

Table legend: (Time is in decaauts)
 A = Elapsed time spent in this place.
 B = Non-inter-level travel time spent in this place.
 C = Inter-level travel time spent in this place.
 D = Time resting spent in this place.
 E = Time spent auto-exploring this place.
 F = Levels seen in this place.
 G = Mean time per level.
                   A        B        C        D        E       F      G
               +--------+--------+--------+--------+--------+-----+--------+
         Total |   4283 |   4122 |    161 |   1568 |   1759 |   5 |  856.6 |
       Dungeon |   4264 |   4103 |    161 |   1568 |   1756 |   4 | 1066.0 |
         Abyss |     19 |     19 |      0 |      0 |      3 |   1 |   19.0 |
               +--------+--------+--------+--------+--------+-----+--------+

Top non-repeatable levels by time:
     D:2: 1772 daAuts
     D:3: 1281 daAuts
     D:1: 1069 daAuts
     D:4: 141 daAuts
 Abyss:1: 19 daAuts
